cohdb
Replays
Latest Replays
All Replays
Popular Replays
Top Player Replays
Match Explorer
How It Works
Community
CoH3 Stats
Reddit
Sign in to upload your games and track your stats! →
Sign in with Steam
Match 43061895
Unlisted
Match 43061895
Overview
Messages
Build Orders
End
Selects Italian Combined Arms Battlegroup
Selects Bersaglieri Squad
Bersaglieri Squad
Panzergrenadier Squad
Bersaglieri Squad
Construct Light Support Kompanie
2.5-tonne Medical Truck
Selects Bersaglieri Bolster
Fire Support Elements
Pak 38 Anti-tank Gun Team
Construct Mechanized Kompanie
Bersaglieri Squad
Pak 38 Mechanized Group
Selects Breda Model 30 Light Machine Guns
Bersaglieri Squad
Tungsten Core Ammunition
Construct Panzerarmee Kommand
Olsishare
GodOfWar17
simhap
大清第一猞猁狲
Dog
白鹇
伍尔思
Flyleaf
0
0
Comments
sign in to comment!
No comments posted yet!